 Dungeon Crawl Stone Soup version 0.27-a0-1202-ge72e49191c (webtiles) character file.

Game seed: 6712756134289411258

71 27snakeeyes612 the Skirmisher (level 4, -28/42 HPs)
             Began as a Naga Fighter on June 3, 2021.
             Killed by an exploding orc (36 damage)
             ... ignited by their inner flame
             ... on level 3 of the Dungeon.
             The game lasted 00:01:24 (2567 turns).

27snakeeyes612 the Skirmisher (Naga Fighter)        Turns: 2567, Time: 00:01:25

Health: -28/42     AC:  5    Str: 20    XL:     4   Next: 24%
Magic:  13/13      EV:  5    Int:  8    God:
Gold:   58         SH:  9    Dex: 10    Spells: 3/3 levels left

rFire    . . .     SeeInvis +   a - +0 war axe
rCold    . . .     Faith    .   c - +0 kite shield
rNeg     . . .     Spirit   .   b - +0 scale mail
rPois    +         Reflect  .   (no helmet)
rElec    .         Harm     .   (no cloak)
rCorr    .         Rampage  .   (no gloves)
Will     .....                  (no barding)
Stlth    ..........             (no amulet)
HPRegen  0.14/turn              m - ring of magical power
MPRegen  0.13/turn              (no ring)

@: very slow
A: AC +1, large, see invisible, deformed body, poison resistance, slowness 2,
spit poison 1, naga tail 1
a: Spit Poison


You were on level 3 of the Dungeon.
You visited 1 branch of the dungeon, and saw 3 of its levels.

You collected 58 gold pieces.

Inventory:

Hand Weapons
 a - a +0 war axe (weapon)
Missiles
 h - 2 curare-tipped darts
Armour
 b - a +0 scale mail (worn)
 c - a +0 kite shield (worn)
Jewellery
 m - a ring of magical power (left hand)
Scrolls
 k - a scroll of immolation
Potions
 d - 2 potions of might
 e - 2 potions of degeneration {unknown}
 f - a potion of curing {unknown}
 g - a potion of resistance {unknown}
 l - a potion of heal wounds {unknown}


   Skills:
 + Level 3.2 Fighting
 + Level 3.0 Axes
 + Level 2.6 Armour
 + Level 0.9 Dodging
 + Level 2.9 Shields


You had 3 spell levels left.
You didn't know any spells.
Your spell library was empty.

Dungeon Overview and Level Annotations

Branches:
Dungeon (3/15)

Altars:


Innate Abilities, Weirdness & Mutations

Your serpentine skin is tough. (AC +1)
You have supernaturally acute eyesight. (SInv)
Armour fits poorly on your strangely shaped body.
Your system is resistant to poisons. (rPois)
You cover ground very slowly.
You can spit poison.
You have a snake-like lower body.


Message History

Beogh smites you! The orc hits you with a +0 flail.
You hear an angry hiss.
You are too injured to fight recklessly!
You are too injured to fight recklessly!
You are too injured to fight recklessly!
You are too injured to fight recklessly!
You are too injured to fight recklessly!
You are too injured to fight recklessly!
You are too injured to fight recklessly!
You are too injured to fight recklessly!
You are too injured to fight recklessly!
You are too injured to fight recklessly!
You are too injured to fight recklessly!
You are too injured to fight recklessly!
You are too injured to fight recklessly!
You are too injured to fight recklessly!
You are too injured to fight recklessly!
As you read the scroll labelled VILIFYSOAW, it crumbles to dust.
It is a scroll of identify.
j - a scroll of fog The orc hits you with a +0 flail.
As you read the scroll labelled IMUMIR BEQADGH, it crumbles to dust.
The creatures around you are filled with an inner flame!
It was a scroll of immolation.
The orc hits you with a +0 flail.
* * * LOW HITPOINT WARNING * * *
Unknown command.
As you read the scroll of fog, it crumbles to dust.
The scroll dissolves into smoke.
The orc hits you with a +0 flail.
* * * LOW HITPOINT WARNING * * *
The orc barely misses you. The orc hits you but does no damage.
You barely miss the orc. x2; The orc hits you with a +0 whip.
* * * LOW HITPOINT WARNING * * *
The orc hits you but does no damage.
You closely miss the orc. You slash the orc!
The orc explodes!
The fiery explosion engulfs the orc priest!!
The fiery explosion engulfs the orc!!
The fiery explosion engulfs you!!!
Ouch! That really hurt!
You die...

#.# #.# #o# #o# #o# #o#
#§# #§######## #####
###§§§§§@..###
....#####.§§§§§§#≈≈≈≈#
###.#.....§§§§#§≈≈≈≈≈#
≈≈#.#.###....≈≈≈≈≈≈≈≈#####
≈≈≈≈≈≈###.≈≈≈≈≈≈≈≈≈≈.....#
≈≈≈≈≈≈≈≈≈≈≈≈≈≈≈≈≈≈≈#####.#
≈≈≈≈≈≈≈≈≈≈≈≈≈≈≈≈≈#.# #.#
≈≈≈≈≈≈≈≈≈≈≈≈≈≈≈....# #.#
####≈≈≈≈≈≈≈≈#.###### #.#


There were no monsters in sight!

Vanquished Creatures
  An orc priest (D:3)
  A gnoll (D:1)
  An adder (D:3)
  A worm (D:2)
  2 dart slugs (D:1)
  2 orcs (D:3)
  2 ball pythons
  7 endoplasms
  A giant cockroach (D:2)
  3 hobgoblins
  9 jackals (D:2)
  A quokka (D:1)
  6 bats
  A frilled lizard (D:3)
  3 kobolds
  5 rats
46 creatures vanquished.

Notes
Turn   | Place    | Note
-------+----------+-------------------------------------------
     0 | D:1      | 27snakeeyes612 the Naga Fighter began the quest for the
                  | Orb.
     0 | D:1      | Reached XP level 1. HP: 21/21 MP: 1/1
   382 | D:1      | Reached XP level 2. HP: 22/28 MP: 2/2
   854 | D:1      | Reached XP level 3. HP: 27/34 MP: 3/3
  1106 | D:1      | Found a faded altar of an unknown god.
  1630 | D:2      | Reached XP level 4. HP: 39/42 MP: 4/4
  2567 | D:3      | Killed by an exploding orc... ignited by their inner flame

Illustrated notes

Levels and vault maps discovered:
D:1:      matt_arrival_spirals, layout_rooms, ebering_ecumenical_altar_webs,
          roderic_roman_lattice
D:2:      layout_basic, chequers_serial_rivers_micro_e,
          minmay_misc_feat_nine_boxes
D:3:      wander_river, layout_loops_corners, bloody_makhleb, grunt_ministairs_3

Skill      XL: |  1  2  3  4 |
---------------+-------------+-----
Axes           | 3 |  3.0
Fighting       | |  3.2
Armour         | |  2.6
Dodging        | |  0.9
Shields        | |  2.9

Action                   |  1- 3 |  4- 6 || total
-------------------------+-------+-------++-------
Melee: War axe           |   105 |    13 ||   118
  Use: Scroll            |       |     3 ||     3
Armor: Scale mail        |    74 |     4 ||    78
Dodge: Dodged            |    25 |     4 ||    29
Block: Kite shield       |    61 |     6 ||    67

Table legend: (Time is in decaauts)
 A = Elapsed time spent in this place.
 B = Non-inter-level travel time spent in this place.
 C = Inter-level travel time spent in this place.
 D = Time resting spent in this place.
 E = Time spent auto-exploring this place.
 F = Levels seen in this place.
 G = Mean time per level.
                   A        B        C        D        E       F      G
               +--------+--------+--------+--------+--------+-----+--------+
         Total |   3266 |   3147 |    119 |      0 |   2804 |   3 | 1088.7 |
       Dungeon |   3266 |   3147 |    119 |      0 |   2804 |   3 | 1088.7 |
               +--------+--------+--------+--------+--------+-----+--------+

Top non-repeatable levels by time:
     D:1: 1401 daAuts
     D:2: 1366 daAuts
     D:3: 498 daAuts
